 Dungeon Crawl Stone Soup version 0.26.1-11-gd32895ea62 (webtiles) character file.

Game seed: 17088573387893856918

65 vvl the Skirmisher (level 4, 0/40 HPs)
             Began as a Ghoul Fighter on June 3, 2021.
             Slain by a gnoll (7 damage)
             ... on level 1 of the Dungeon.
             The game lasted 00:03:29 (1245 turns).

vvl the Skirmisher (Ghoul Fighter)                  Turns: 1245, Time: 00:03:30

Health: 0/40       AC:  6    Str: 19    XL:     4   Next: 13%
Magic:  3/3        EV:  7    Int:  4    God:
Gold:   87         SH:  8    Dex:  8    Spells: 3/3 levels left

rFire    . . .     SeeInvis .   a - +0 trident
rCold    + . .     Faith    .   c - +0 kite shield
rNeg     + + +     Spirit   .   b - +0 scale mail
rPois    ∞         Reflect  .   (no helmet)
rElec    .         Harm     .   (no cloak)
rCorr    .         Rampage  .   (no gloves)
Will     .....                  (no boots)
Stlth    ..........             (no amulet)
HPRegen  0.00/turn              (no ring)
MPRegen  0.08/turn              (no ring)

@: no status effects
A: claws 1, cold resistance 1, negative energy resistance 3, inhibited
regeneration, torment resistance, unbreathing
a: no special abilities


You were on level 1 of the Dungeon.
You visited 1 branch of the dungeon, and saw 2 of its levels.

You collected 87 gold pieces.

Inventory:

Hand Weapons
 a - a +0 trident (weapon)
Armour
 b - a +0 scale mail (worn)
 c - a +0 kite shield (worn)
Jewellery
 g - an uncursed amulet of guardian spirit {unknown}
 l - an uncursed amulet of faith {unknown}
Scrolls
 e - 2 scrolls of remove curse {unknown}
 f - 2 scrolls of identify {unknown}
 m - a scroll of enchant weapon {unknown}
Potions
 d - a potion of might
 h - a potion of berserk rage {unknown}
 i - 2 potions of invisibility {unknown}
 j - a potion of ambrosia {unknown}
 k - a potion of attraction {unknown}


   Skills:
 + Level 3.6 Fighting
 * Level 2.4 Polearms
 + Level 2.9 Armour
 + Level 0.8 Dodging
 + Level 2.9 Shields
 - Level 1.0 Ice Magic
 - Level 0.7 Earth Magic
 * Level 0.7 Invocations
 + Level 0.3 Evocations


You had 3 spell levels left.
You didn't know any spells.
Your spell library was empty.

Dungeon Overview and Level Annotations

Branches:
Dungeon (2/15)

Altars:


Innate Abilities, Weirdness & Mutations

You thrive by killing the living.
You are immune to poison.
You have sharp fingernails.
Your flesh is cold resistant. (rC+)
You are immune to negative energy. (rN+++)
You do not regenerate when monsters are visible.
You are immune to unholy pain and torment.
You can survive without breathing.


Message History

The gnoll closely misses you.
You closely miss the gnoll.
The gnoll is heavily wounded.
The gnoll closely misses you.
You hit the gnoll but do no damage.
The gnoll is heavily wounded.
The gnoll barely misses you.
You barely miss the gnoll.
The gnoll is heavily wounded.
The gnoll barely misses you. The gnoll hits you but does no damage.
You barely miss the gnoll.
The gnoll is heavily wounded.
The gnoll hits you but does no damage.
Your shield prevents you from hitting the gnoll.
The gnoll is heavily wounded.
You block the gnoll's attack.
You closely miss the gnoll.
The gnoll is heavily wounded.
You block the gnoll's attack. The gnoll hits you!
You die...

######## ##### #....... ###...#
#.(..... ###
#######...#.#####....... ..#
#......@................ #.#
#......g....#####....... #.#
#...........# #....... #.#
#..(........# #.......
#.########...........#####.......
#.##.......)÷...)....#...)....###
#.##........#######..#.######....
#.##........# #..#.# ##'#.
#.##........# #..#.# #.#.


You could see a gnoll.

Vanquished Creatures
  An adder (D:2)
  An ooze (D:2)
  3 dart slugs (D:1)
  A leopard gecko (D:2)
  7 bats
  A giant cockroach (D:2)
  4 goblins (D:1)
  9 hobgoblins
  4 jackals (D:2)
  2 kobolds (D:2)
  A ball python (D:1)
  2 frilled lizards (D:1)
  7 rats
43 creatures vanquished.

Notes
Turn   | Place    | Note
-------+----------+-------------------------------------------
     0 | D:1      | vvl the Ghoul Fighter began the quest for the Orb.
     0 | D:1      | Reached XP level 1. HP: 19/19 MP: 0/0
   279 | D:1      | Reached XP level 2. HP: 26/26 MP: 1/1
   561 | D:1      | Reached XP level 3. HP: 31/31 MP: 2/2
   894 | D:1      | Reached skill level 1 in Ice Magic
  1113 | D:2      | Reached XP level 4. HP: 36/39 MP: 3/3
  1245 | D:1      | Slain by a gnoll

Illustrated notes

Levels and vault maps discovered:
D:1:      matt_arrival_los_fun, layout_basic
D:2:      layout_loops_corners, minmay_rat_gold_closets

Skill      XL: |  1  2  3 |
---------------+----------+-----
Polearms       | 2 |  2.4
Ice Magic      | 1 |  1.0
Fighting       | |  3.6
Armour         | |  2.9
Dodging        | |  0.8
Shields        | |  2.9
Earth Magic    | |  0.7
Invocations    | |  0.7
Evocations     | |  0.3

Action                   |  1- 3 |  4- 6 || total
-------------------------+-------+-------++-------
Melee: Trident           |   126 |    18 ||   144
Armor: Scale mail        |    38 |     7 ||    45
Dodge: Dodged            |    18 |    10 ||    28
Block: Kite shield       |    36 |    12 ||    48
